 Dungeon Sprint DCSS version 0.14-a0-519-g334afa2 (webtiles) character file.

4000000 MDvedh the Imperceptible (level 17, -81/93 HPs)
             Began as a Spriggan Enchanter on Nov 2, 2013.
             Was a High Priest of Makhleb.
             Annihilated by a sculptor of flesh
             ... wielding a +9,+9 great sword
              (113 damage)
             ... in the Dungeon (Sprint VIII: "Arena of Blood").
             The game lasted 00:01:40 (40 turns).

MDvedh the Imperceptible (Spriggan Enchanter)         Turns: 40, Time: 00:01:40

HP -81/93        AC  4     Str  4      XL: 17   Next: 56%
MP  10/42        EV 41     Int 18      God: Makhleb [*****.]
Gold 0           SH  0     Dex 22      Spells:  1 memorised, 55 levels left

Res.Fire  : . . .   See Invis. : +   l - +∞ Axe of Woe
Res.Cold  : . . .   Warding    : .   b - +1 robe
Life Prot.: . . .   Conserve   : .   (shield restricted)
Res.Poison: .       Res.Corr.  : .   (helmet restricted)
Res.Elec. : .       Clarity    : .   (no cloak)
Sust.Abil.: . .     Spirit.Shd : .   (gloves unavailable)
Res.Mut.  : .       Prev.Telep.: +   (boots unavailable)
Res.Rott. : .       Flight     : .   (no amulet)
Saprovore : . . .                    (no ring)
                                     (no ring)

@: very quick, very resistant to hostile enchantments, incredibly stealthy
A: unfitting armour, see invisible, herbivore 3, speed 3, slow metabolism 2
a: Minor Destruction, Lesser Servant of Makhleb, Major Destruction, Greater
Servant of Makhleb, Renounce Religion


You were in the Dungeon.
You worshipped Makhleb.
Makhleb was extremely pleased with you.
You were not hungry.

You visited 1 branch

Inventory:

Hand weapons
 a - a +1,+1 dagger
 l - the +∞,+∞ Axe of Woe (weapon)
   (You found it in the Dungeon)
Missiles
 d - 12 darts (quivered)
Armour
 b - a +1 robe (worn)
Potions
 e - a potion of porridge
 f - a potion of curing
 g - a potion of heal wounds
 h - a potion of speed
 i - 2 potions of magic
 j - a potion of berserk rage
Books
 c - a book of Maledictions

   Spells                             Type                      Level
   *Corona                            Hexes                        1
   Sure Blade                         Hexes/Charms                 2
   Ensorcelled Hibernation            Hexes/Ice                    2
   Confuse                            Hexes                        3
   Enslavement                        Hexes                        4
   Invisibility                       Hexes                        6


   Skills:
 + Level 15.2 Fighting
 + Level 18.9 Short Blades
 * Level 20.3 Axes
 + Level 18.9 Throwing
 + Level 14.0 Armour
 + Level 23.4 Dodging
 + Level 25.1 Stealth
 + Level 15.1 Unarmed Combat
 + Level 20.3 Spellcasting
 + Level 20.5 Hexes


You had 55 spell levels left.
You knew the following spells:

 Your Spells              Type           Power        Failure   Level  Hunger
a - Corona                Hex            #######      0%          1    None


Dungeon Overview and Level Annotations

Branches:
Dungeon (1/1)

Altars:
Makhleb

Annotations:
D The Servant


Innate Abilities, Weirdness & Mutations

You are tiny and cannot use many weapons and most armour.
You have supernaturally acute eyesight.
You are a herbivore.
You cover ground extremely quickly.
You need consume almost no food.


Message History

You hear a shout!
Unknown command.
Unknown command.
You dissect the bag of meat like a pig carcass.
You kill the bag of meat!
Makhleb accepts your kill.
Your Dodging skill increases to level 23!
Your Spellcasting skill increases to level 20!
You butcher the destroyer messily.
You destroy the destroyer!
Makhleb accepts your kill.
Your Fighting skill increases to level 15!
Your Axes skill increases to level 20!
Your Armour skill increases to level 14!
Your Stealth skill increases to level 25!
Your Unarmed Combat skill increases to level 15!
You hear a shout!
The sculptor of flesh hits you with a +9,+9 great sword!
Ouch! That really hurt!
You die...

.....#............
...................
#......o.C).........
.#.....o.o#.......#
.....#.....#.......#
.#.....§###.......###.
....o...§@§o..###......
.....#.§)§.z.._.......
...#......@#.....#...
#.....o.D).#_.<._#
..#.......#))...#..
...#........_......
.....V....###......
..V.###.... ..###. ....
#......o# . ..
#.......# .........


You could see The Servant, 2 destroyers, an eight-headed meat hydra, a sculptor
of flesh and 3 bags of meat.

Vanquished Creatures
  A hill giant (D)
  3 ogres (D)
  12 orcs (D)
  2 vampire knights (D)
18 creatures vanquished.

Notes
Turn   | Place    | Note
--------------------------------------------------------------
     0 | D        | MDvedh, the Spriggan Enchanter, began the quest for the Orb.
     0 | D        | Reached XP level 1. HP: 9/9 MP: 4/4
     3 | D        | Noticed a bag of meat
     4 | D        | Became a worshipper of Makhleb the Destroyer
     5 | D        | Noticed a bag of meat
     5 | D        | Noticed a bag of meat
     6 | D        | Noticed a bag of meat
     7 | D        | Noticed a bag of meat
    12 | D        | Killed a bag of meat
    12 | D        | Reached skill level 7 in Fighting
    12 | D        | Reached skill level 9 in Short Blades
    12 | D        | Reached skill level 10 in Axes
    12 | D        | Reached skill level 12 in Dodging
    12 | D        | Reached skill level 13 in Stealth
    12 | D        | Reached skill level 10 in Spellcasting
    12 | D        | Reached XP level 2. HP: 14/14 MP: 3/11
    12 | D        | Reached XP level 3. HP: 18/18 MP: 4/15
    12 | D        | Reached XP level 4. HP: 23/23 MP: 5/19
    12 | D        | Reached XP level 5. HP: 27/27 MP: 5/22
    12 | D        | Reached XP level 6. HP: 32/32 MP: 5/24
    12 | D        | Reached XP level 7. HP: 36/36 MP: 5/26
    12 | D        | Reached XP level 8. HP: 41/41 MP: 5/28
    12 | D        | Reached XP level 9. HP: 45/45 MP: 5/29
    12 | D        | Reached XP level 10. HP: 50/50 MP: 5/30
    12 | D        | Reached XP level 11. HP: 54/54 MP: 5/32
    12 | D        | Killed a bag of meat
    12 | D        | Acquired Makhleb's first power
    12 | D        | Reached skill level 14 in Dodging
    12 | D        | Reached skill level 15 in Stealth
    12 | D        | Reached XP level 12. HP: 58/60 MP: 5/34
    13 | D        | Killed a bag of meat
    13 | D        | Reached skill level 15 in Dodging
    13 | D        | Reached skill level 16 in Stealth
    13 | D        | Reached XP level 13. HP: 61/65 MP: 5/35
    14 | D        | Noticed a meat berserker
    14 | D        | Noticed a bag of meat
    15 | D        | Noticed a bag of meat
    15 | D        | Noticed a bag of meat
    17 | D        | Noticed a bag of meat
    17 | D        | Noticed a meat berserker
    19 | D        | Noticed a bag of meat
    19 | D        | Noticed a large bag of meat
    20 | D        | Noticed a bag of meat
    20 | D        | Noticed a bag of meat
    20 | D        | Noticed a meat berserker
    20 | D        | Noticed a bag of meat
    21 | D        | Noticed a bag of meat
    22 | D        | Killed a meat berserker
    22 | D        | Reached skill level 10 in Fighting
    22 | D        | Reached skill level 17 in Stealth
    22 | D        | Reached skill level 10 in Unarmed Combat
    23 | D        | Killed a meat berserker
    23 | D        | Acquired Makhleb's second power
    23 | D        | Reached skill level 18 in Stealth
    23 | D        | Reached XP level 14. HP: 70/72 MP: 7/37
    24 | D        | Killed a meat berserker
    24 | D        | Reached skill level 15 in Axes
    24 | D        | Reached skill level 10 in Armour
    24 | D        | Reached skill level 19 in Stealth
    24 | D        | Reached skill level 15 in Spellcasting
    24 | D        | Reached skill level 15 in Hexes
    24 | D        | Killed a bag of meat
    24 | D        | Reached XP level 15. HP: 75/77 MP: 7/39
    25 | D        | Noticed a bag of meat
    25 | D        | Noticed a destroyer
    30 | D        | Killed a bag of meat
    30 | D        | Acquired Makhleb's third power
    30 | D        | Reached skill level 15 in Short Blades
    30 | D        | Reached skill level 15 in Throwing
    30 | D        | Reached skill level 20 in Stealth
    32 | D        | Killed a bag of meat
    32 | D        | Reached skill level 21 in Stealth
    33 | D        | Noticed an eight-headed meat hydra
    33 | D        | Killed a bag of meat
    33 | D        | Killed a bag of meat
    33 | D        | Acquired Makhleb's fourth power
    33 | D        | Reached skill level 22 in Stealth
    33 | D        | Reached XP level 16. HP: 85/85 MP: 8/40
    34 | D        | Noticed a destroyer
    34 | D        | Killed a large bag of meat
    35 | D        | Noticed a bag of meat
    35 | D        | Killed a bag of meat
    35 | D        | Reached skill level 23 in Stealth
    36 | D        | Noticed The Servant
    36 | D        | Noticed a destroyer
    36 | D        | Killed a bag of meat
    36 | D        | Killed a bag of meat
    36 | D        | Acquired Makhleb's fifth power
    36 | D        | Reached skill level 24 in Stealth
    36 | D        | Reached XP level 17. HP: 81/91 MP: 9/42
    37 | D        | Killed a destroyer
    38 | D        | Noticed a sculptor of flesh
    38 | D        | Noticed a bag of meat
    38 | D        | Noticed a destroyer
    40 | D        | Killed a bag of meat
    40 | D        | Killed a destroyer
    40 | D        | Reached skill level 15 in Fighting
    40 | D        | Reached skill level 25 in Stealth
    40 | D        | Reached skill level 15 in Unarmed Combat
    40 | D        | Annihilated by a sculptor of flesh

Action                   |  1- 3 |  4- 6 |  7- 9 | 10-12 | 13-15 | 16-18 || total
-------------------------+-------+-------+-------+-------+-------+-------++-------
Melee: Broad axe         |     1 |       |       |     1 |     6 |     5 ||    13
